 Dungeon Crawl Stone Soup version 0.21.1-1-g345015f (webtiles) character file.

54 vatarom the Vandal (level 4, 0/30 HPs)
             Began as a Halfling Hunter on May 21, 2018.
             Slain by Sigmund
             ... wielding a +0 scythe
              (4 damage)
             ... on level 2 of the Dungeon.
             The game lasted 00:02:20 (1225 turns).

vatarom the Vandal (Halfling Hunter)                Turns: 1225, Time: 00:02:21

Health: 0/30       AC:  4    Str: 14    XL:     4   Next: 12%
Magic:  4/4        EV: 14    Int:  9    God:
Gold:   21         SH:  0    Dex: 14    Spells: 3/3 levels left

rFire    . . .     SeeInvis .   a - +1 hunting sling
rCold    . . .     Gourm    .   (shield restricted)
rNeg     . . .     Faith    .   c - +0 leather armour
rPois    .         Spirit   .   (no helmet)
rElec    .         Reflect  .   p - +0 cloak
rCorr    .         Harm     .   (no gloves)
MR       .....                  (no boots)
Stlth    +.........             (no amulet)
HPRegen  0.10/turn              j - ring of wizardry
MPRegen  0.09/turn              (no ring)

@: confused
A: small, mutation resistance 1
a: no special abilities


You were on level 2 of the Dungeon.
You were hungry.

You visited 1 branch of the dungeon, and saw 2 of its levels.

You collected 21 gold pieces.

Inventory:

Hand Weapons
 a - a +1 hunting sling (weapon)
 b - a +0 short sword
Missiles
 d - 28 sling bullets (quivered)
 g - 32 stones
 q - 7 tomahawks
Armour
 c - a +0 leather armour (worn)
 p - a +0 cloak (worn)
Jewellery
 j - a ring of wizardry (left hand)
Scrolls
 h - 3 scrolls of identify {unknown}
 l - a scroll of fog {unknown}
 m - 2 scrolls of amnesia {unknown}
 r - a scroll of remove curse {unknown}
Potions
 e - a potion of flight
Comestibles
 f - 5 rations


   Skills:
 * Level 2.7 Fighting
 * Level 6.7 Slings
 - Level 2.1 Dodging
 + Level 2.1 Stealth


You had 3 spell levels left.
You didn't know any spells.

Dungeon Overview and Level Annotations

Branches:
Dungeon (2/15)

Altars:
Uskayaw

Annotations:
D:2 Sigmund


Innate Abilities, Weirdness & Mutations

You are small and have problems with some larger weapons.
You are somewhat resistant to further mutation.


Message History

You're too confused!
Sigmund points at you and mumbles some strange words.
The magic dart hits you!
* * * LOW HITPOINT WARNING * * *
You see here 20 arrows.
Sigmund barely misses you.
You bump into the rock wall.
You feel less confused.
Sigmund laughs darkly.
Unknown command.
Sigmund mumbles some strange words.
Sigmund flickers and vanishes!
Deactivating autopickup; reactivate with Ctrl-A.
Something tries to affect you, but you resist.
You are confused.
You're too confused to move!
You're too confused to move!
You bump into the rock wall.
You bump into the rock wall.
Something hits you.
You die...

###########... #....)......## ###
######.########### #..
.........######## #.#
#######.........# #.#
##..#######.# #.# ##...#######.#
##.#########..........<.#
#..........@......#####.####
#..#########.....## #.....
######..####.## ##....# #.....
(.((..(.......## ##.#.# ####..
.#####..##.#.#.## ###.# ###.#
#..#.##.##.### #.# #.. #
######............###.# #.###
#......##.##.##....##.#######...#
#.########.#.#.<..............#.#


There were no monsters in sight!

Vanquished Creatures
  2 worms (D:2)
  4 dart slugs
  A leopard gecko (D:1)
  4 bats
  3 giant cockroaches
  3 goblins
  5 hobgoblins
  3 jackals (D:2)
  4 kobolds
  7 rats
36 creatures vanquished.

Notes
Turn   | Place    | Note
-------+----------+-------------------------------------------
     0 | D:1      | vatarom the Halfling Hunter began the quest for the Orb.
     0 | D:1      | Reached XP level 1. HP: 14/14 MP: 1/1
    34 | D:1      | Reached skill level 6 in Slings
   174 | D:1      | Reached XP level 2. HP: 19/19 MP: 2/2
   475 | D:1      | Reached XP level 3. HP: 22/24 MP: 3/3
   939 | D:2      | Reached XP level 4. HP: 30/30 MP: 4/4
  1009 | D:2      | Found a hide-covered altar of Uskayaw.
  1024 | D:2      | Noticed a dagger
  1025 | D:2      | Noticed a dagger
  1185 | D:2      | Noticed Sigmund
  1225 | D:2      | Slain by Sigmund

Skill      XL: |  1  2  3 |
---------------+----------+-----
Slings         | 6 |  6.7
Fighting       | 2 |  2.7
Stealth        | 2 |  2.1
Dodging        | |  2.1

Action                   |  1- 3 |  4- 6 || total
-------------------------+-------+-------++-------
 Fire: Hunting sling     |    82 |    26 ||   108
  Use: Potion            |       |     5 ||     5
Armor: Leather armour    |     2 |       ||     2
Dodge: Dodged            |     9 |     8 ||    17
